 Dungeon Crawl Stone Soup version 0.19-a0-1886-gd64a0f0 (webtiles) character file.

13595 Kirkhe the Cleaver (level 11, -6/72 HPs)
             Began as a Demonspawn Gladiator on Oct 15, 2016.
             Was the Champion of Okawaru.
             Mangled by a minotaur
             ... wielding a +0 bardiche
              (11 damage)
             ... in a labyrinth.
             The game lasted 00:37:03 (13908 turns).

Kirkhe the Cleaver (Demonspawn Gladiator)          Turns: 13908, Time: 00:37:04

Health: -6/72      AC: 23    Str: 20    XL:     11   Next: 77%
Magic:  11/11      EV:  9    Int:  9    God:    Okawaru [******]
Gold:   177        SH:  0    Dex: 17    Spells: 0 memorised, 10 levels left

rFire  + . .     SeeInvis +     a - +2 war axe
rCold  . . .     Gourm    .     h - +4 chain mail
rNeg   . . .     Faith    .     (no shield)
rPois  .         Spirit   .     c - +0 helmet
rElec  .         Dismiss  .     m - +2 cloak {MR+}
rCorr  .         Reflect  .     (gloves unavailable)
MR     +++..     Harm     .     v - +0 pair of boots of the Lion {Dex+2}
Stlth  ..........               (no amulet)
                                S - ring of protection from fire
                                u - ring of see invisible

@: very slightly contaminated, hasted, very quick
A: claws 3, yellow scales 1, agile 1, blink, demonic guardian 1, magic
resistance 2, powered by pain 2
a: Blink, Heroism, Finesse, Renounce Religion


You were in a labyrinth.
You worshipped Okawaru.
Okawaru was exalted by your worship.
You were not hungry.

You visited 3 branches of the dungeon, and saw 12 of its levels.
You also visited: Labyrinth and Bailey.

You collected 787 gold pieces.
You spent 610 gold pieces at shops.

Inventory:

Hand Weapons
 a - a +2 war axe (weapon)
 n - a +0 trident
 C - the +3 mace of Zin's Supremacy {crush, Int+4}
   (You found it on level 5 of the Dungeon)

   It inflicts extra damage upon your enemies.
   It affects your intelligence (+4).
 M - a +0 blowgun
 Q - the +0 rapier of Descent {chaos, rC++, unknown}
   (Okawaru gifted it to you on level 10 of the Dungeon)

   Each time it hits an enemy it has a different, random effect.
   It greatly protects you from cold.
Missiles
 d - 20 javelins of returning
 l - 4 javelins of penetration (quivered)
 x - 11 poisoned needles
 y - 3 throwing nets
Armour
 c - a +0 helmet (worn)
 e - the +7 shield of Integrity {*Drain +Blink Int+3 Dex+3, unknown}
   (You acquired it on level 8 of the Dungeon)

   It affects your intelligence (+3).
   It affects your dexterity (+3).
   It lets you blink.
   It causes draining when unequipped.
 h - a +4 chain mail (worn)
 m - a +2 cloak of magic resistance (worn)
 v - the +0 pair of boots of the Lion (worn) {Dex+2}
   (You bought it in a shop on level 4 of the Dungeon)

   It affects your dexterity (+2).
Magical Staves
 A - a cursed staff of power {unknown}
Jewellery
 u - a ring of see invisible (left claw)
 G - an uncursed ring of protection from magic
 S - a ring of protection from fire (right claw)
Wands
 g - a wand of iceblast (0/15)
 r - a wand of hasting (0/9)
 L - a wand of lightning (0/15)
 R - a wand of random effects (22/48)
Scrolls
 b - 7 scrolls of teleportation
 i - 3 scrolls of recharging
 k - 2 scrolls of fear
 p - 2 scrolls of remove curse
 t - a scroll of blinking
 w - 2 scrolls of enchant weapon
 B - a scroll of fog
 D - 3 scrolls of amnesia
Potions
 j - 4 potions of curing
 o - a potion of flight
 F - a potion of invisibility {unknown}
 H - a potion of magic {unknown}
 I - a potion of cure mutation {unknown}
Books
 K - a book of Flames

   Spells                             Type                      Level
   a - Flame Tongue                   Conjuration/Fire             1
   b - Throw Flame                    Conjuration/Fire             2
   c - Conjure Flame                  Conjuration/Fire             3
   d - Inner Flame                    Hexes/Fire                   3
   e - Sticky Flame                   Conjuration/Fire             4
   f - Fireball                       Conjuration/Fire             5
Comestibles
 f - 13 bread rations
 q - 9 beef jerkies
 E - 2 slices of pizza
 J - a royal jelly
 P - 5 fruits


   Skills:
 - Level 2.0 Fighting
 + Level 14.6 Axes
 - Level 1.2(9.9) Polearms
 - Level 1.7 Throwing
 + Level 8.9 Armour
 - Level 2.6 Dodging
 - Level 0.3 Invocations


You had 10 spell levels left.
You didn't know any spells.

Dungeon Overview and Level Annotations

Branches:
Dungeon (10/15)            Temple (1/1) D:5            Lair (1/6) D:10
    Orc (0/2) D:10

Altars:
Fedhas
Okawaru
Trog

Shops:
D:4 ([   D:10 =


Innate Abilities, Weirdness & Mutations

You have claws for hands.
You are partially covered in yellow scales. (AC +2)
A weak demonic guardian rushes to your aid.
You sometimes gain power by taking damage.
You are agile. (Dex +2)
You can translocate small distances at will.
You are highly resistant to hostile enchantments. (MR++)


Message History

The minotaur gores you but does no damage.
You slash the minotaur!
The minotaur is moderately wounded.
You slash the minotaur!
The minotaur is heavily wounded.
You hit the minotaur but do no damage.
The minotaur is heavily wounded.
The minotaur hits you with a bardiche!
* * * LOW HITPOINT WARNING * * *
The minotaur gores you but does no damage.
You hit the minotaur.
The minotaur is heavily wounded.
You hit the minotaur.
The minotaur is heavily wounded.
You hit the minotaur but do no damage.
The minotaur is heavily wounded.
The minotaur hits you with a bardiche!
* * * LOW HITPOINT WARNING * * *
The minotaur gores you!
You die...

# . #.# .
#.. #.# #8
#.. # . #.
## 8. #.. #
#.##'##.###
......(.H@.#
#
###.#.###.#
# # # #... #
# #.### #.#
###


You could see a minotaur.

Vanquished Creatures
  Erolcha (D:9)
  An unseen horror (D:10)
  3 hill giants
  Pikel (D:7)
  An ugly thing (D:10)
  Maurice (D:9)
  The ghost of Promi the Magician, a novice DgWn (D:7)
  A komodo dragon (D:10)
  A two-headed ogre (D:9)
  5 hippogriffs
  A meliai zombie (D:9)
  A redback (Lab)
  Grum (D:9)
  The ghost of Badjas the Slasher, an amateur HESk (D:3)
  2 water moccasins (D:8)
  A slave (D:7)
  14 orc warriors
  7 ogres
  2 wolves (D:9)
  3 phantoms
  A necrophage (D:10)
  12 centaurs
  2 big kobolds
  Blork the orc (D:6)
  6 bullfrogs
  4 scorpions
  8 killer bees
  4 wights (D:6)
  3 centaur zombies
  6 howler monkeys
  7 crimson imps
  A jelly (D:8)
  2 quasits
  Crazy Yiuf (D:3)
  3 bullfrog skeletons
  2 centaur skeletons
  5 orc priests
  6 hounds
  Ijyb (D:3)
  4 iguanas
  12 worker ants
  8 orc wizards
  A hound skeleton (D:8)
  4 gnolls (D:8)
  A howler monkey skeleton (D:7)
  15 adders
  An adder zombie (D:5)
  2 adder skeletons (D:4)
  4 worms
  2 dart slugs
  8 leopard geckos
  59 orcs
  A ball python (D:3)
  6 giant cockroaches
  9 goblins
  8 hobgoblins
  3 jackals (D:4)
  18 kobolds
  4 quokkas
  4 bats
  6 frilled lizards
  A quokka skeleton (D:5)
  5 rats
310 creatures vanquished.

Vanquished Creatures (collateral kills)
  Snorg (D:10)
  A redback (Lab)
  2 orc warriors (Bailey)
  An ogre (D:4)
  A killer bee (D:8)
  An orc wizard (D:6)
  2 orc priests
  An iguana (D:4)
  An adder (D:4)
  5 orcs
  A goblin (D:8)
  A kobold (D:9)
18 creatures vanquished.

Vanquished Creatures (others)
  A slave (D:7)
  An ice beast (D:7)
  2 hounds
  A giant cockroach (D:7)
  2 plants (D:10)
7 creatures vanquished.

Grand Total: 335 creatures vanquished

Notes
Turn   | Place    | Note
-------+----------+-------------------------------------------
     0 | D:1      | Kirkhe the Demonspawn Gladiator began the quest for the Orb.
     0 | D:1      | Reached XP level 1. HP: 16/16 MP: 1/1
    85 | D:1      | Reached skill level 3 in Axes
   125 | D:1      | Gained mutation: You are partially covered in yellow scales. (AC +2) [demonic ancestry]
   125 | D:1      | Reached XP level 2. HP: 20/22 MP: 2/2
   555 | D:1      | Reached skill level 1 in Armour
   682 | D:2      | Gained mutation: You have sharp fingernails. [demonic ancestry]
   682 | D:2      | Reached XP level 3. HP: 24/27 MP: 3/3
  1149 | D:2      | Reached skill level 4 in Axes
  1177 | D:2      | Gained mutation: A weak demonic guardian rushes to your aid. [demonic ancestry]
  1177 | D:2      | Reached XP level 4. HP: 28/33 MP: 4/4
  1671 | D:3      | Noticed Badjas's ghost (amateur HESk)
  2002 | D:3      | Killed Badjas's ghost
  2002 | D:3      | Reached skill level 5 in Axes
  2002 | D:3      | Reached XP level 5. HP: 38/38 MP: 5/5
  2082 | D:3      | Found a runed door.
  2142 | D:3      | Noticed Ijyb
  2149 | D:3      | Killed Ijyb
  2476 | D:3      | Noticed Crazy Yiuf
  2487 | D:3      | Killed Crazy Yiuf
  2538 | D:4      | Gained mutation: You sometimes gain a little power by taking damage. [demonic ancestry]
  2538 | D:4      | Reached XP level 6. HP: 26/44 MP: 6/6
  2740 | D:4      | Found Taemokke's Antique Armour Boutique.
  2781 | D:4      | Reached skill level 6 in Axes
  2814 | D:4      | Bought a pair of scorched boots for 285 gold pieces
  2825 | D:4      | Identified the cursed +0 pair of boots of the Lion {Dex+2} (You bought it in a shop on level 4 of the Dungeon)
  2831 | D:4      | Found Temutes's Weapon Boutique.
  2868 | D:4      | Reached XP level 7. HP: 50/50 MP: 7/7
  3753 | D:5      | Entered Level 5 of the Dungeon
  3790 | D:5      | Got a polished mace
  3853 | D:5      | Found a staircase to the Ecumenical Temple.
  3869 | Temple   | Entered the Ecumenical Temple
  3885 | Temple   | Became a worshipper of Warmaster Okawaru
  3941 | D:5      | Identified the +3 mace of Zin's Supremacy {crush, Int+4} (You found it on level 5 of the Dungeon)
  3960 | D:5      | Reached skill level 7 in Axes
  4407 | D:5      | Reached * piety under Okawaru
  4407 | D:5      | Gained mutation: You sometimes gain power by taking damage. [demonic ancestry]
  4407 | D:5      | Reached XP level 8. HP: 36/56 MP: 8/8
  4628 | D:5      | Reached skill level 8 in Axes
  5019 | D:6      | Noticed Blork the orc
  5025 | D:6      | Killed Blork the orc
  5107 | D:6      | Reached skill level 9 in Axes
  5191 | D:6      | Reached ** piety under Okawaru
  5343 | D:6      | Reached skill level 5 in Armour
  5389 | D:6      | Reached XP level 9. HP: 47/61 MP: 9/9
  5735 | D:7      | Reached skill level 10 in Axes
  5776 | D:7      | Noticed Promi's ghost (novice DgWn)
  5946 | D:7      | Noticed Pikel
  5987 | D:7      | Killed Pikel
  5987 | D:7      | Reached *** piety under Okawaru
  6169 | D:7      | Killed Promi's ghost
  6169 | D:7      | Reached skill level 11 in Axes
  6976 | D:8      | Found a flagged portal.
  7221 | Bailey   | Entered a bailey
  7261 | Bailey   | Reached **** piety under Okawaru
  7422 | Bailey   | Gained mutation: You can translocate small distances at will. [potion of mutation]
  7422 | Bailey   | Gained mutation: You are agile. (Dex +2) [potion of mutation]
  7422 | Bailey   | Gained mutation: You are resistant to hostile enchantments. (MR+) [potion of mutation]
  7451 | Bailey   | HP: 3/61 [centaur/spear (6)]
  7905 | Bailey   | Reached XP level 10. HP: 45/67 MP: 10/10
  8103 | Bailey   | Received a gift from Okawaru
  8439 | Bailey   | Reached skill level 12 in Axes
  8999 | Bailey   | Reached skill level 1 in Polearms
  9338 | Bailey   | Got a smoking scale mail
  9485 | Bailey   | Identified the +1 scale mail "Muni" {-Tele Str+7} (You found it in a bailey)
  9537 | D:8      | Identified a scroll of acquirement
  9540 | D:8      | Got a distressingly furry shield
 10106 | D:8      | Reached ***** piety under Okawaru
 10448 | D:9      | Gained mutation: You are highly resistant to hostile enchantments. (MR++) [potion of beneficial mutation]
 10497 | D:9      | Noticed Maurice
 10526 | D:9      | Killed Maurice
 10558 | D:9      | Noticed Erolcha
 10613 | D:9      | Reached skill level 13 in Axes
 10706 | D:9      | Noticed Grum
 10721 | D:9      | Killed Grum
 10855 | D:9      | Killed Erolcha
 10855 | D:9      | Gained mutation: You have very sharp fingernails. [demonic ancestry]
 10855 | D:9      | Reached XP level 11. HP: 7/72 MP: 11/11
 11658 | D:10     | Entered Level 10 of the Dungeon
 11741 | D:10     | Noticed Snorg
 11760 | D:10     | Killed Snorg
 11927 | D:10     | Noticed a hill giant
 11941 | D:10     | Killed a hill giant
 11941 | D:10     | Received a gift from Okawaru
 11954 | D:10     | Got an encrusted rapier {god gift}
 11984 | D:10     | Noticed a purple ugly thing
 11999 | D:10     | Killed a purple ugly thing
 12035 | D:10     | Reached skill level 14 in Axes
 12145 | D:9      | Reached ****** piety under Okawaru
 12194 | D:9      | Noticed a hill giant
 12212 | D:9      | Killed a hill giant
 12389 | D:10     | Found a staircase to the Lair.
 12572 | D:10     | Noticed an unseen horror
 12581 | D:10     | Killed an unseen horror
 12834 | D:10     | Found a staircase to the Orcish Mines.
 12834 | D:10     | Noticed a hill giant
 12860 | D:10     | Killed a hill giant
 12955 | D:10     | Found Qotzamiemao's Jewellery Shoppe.
 12963 | D:10     | Bought an uncursed ring of protection from fire for 325 gold pieces
 13057 | Lair:1   | Entered Level 1 of the Lair of Beasts
 13077 | Lair:1   | Found a labyrinth entrance.
 13083 | Lab      | Entered a labyrinth
 13522 | Lab      | Gained mutation: You have claws for hands. [potion of beneficial mutation]
 13875 | Lab      | Noticed a minotaur
 13908 | Lab      | Mangled by a minotaur

Vault maps used:
D:1:      lightli_arrival_chessboard
D:2:      minmay_door_path
D:3:      first_bread, uniq_iyjb, uniq_crazy_yiuf_cottage
D:4:      serial_shops, nicolae_shop_trees, nicolae_shop_crystal
D:6:      uniq_blork_the_orc
D:7:      grunt_ogre_cave, uniq_pikel
D:8:      enter_bailey_3
D:9:      uniq_maurice, uniq_grum, uniq_erolcha
D:10:     david_lair_shrubbed, david_orc_4, serial_column_ruins,
          column_ruins_square_medium, column_ruins_corridor_straight,
          column_ruins_columns_corner, column_ruins_grid_1,
          column_ruins_open_small, column_ruins_open_tiny,
          column_ruins_columns_straight, serial_shops,
          nicolae_shop_competitors_out_of_business, uniq_snorg
Temple:   roderic_octagonal_lattice_temple
Lair:1:   lab_entry_generic, grunt_megastairs_5, lemuel_fruit_tree
Lab:      nicolae_lab_dead_adventurers, nicolae_lab_flowing_pool,
          nicolae_lab_statue, labyrinth_skeletal_remains, nicolae_lab_stuck
Bailey:   bailey_polearm_flooded_kennysheep, bailey

Skill      XL: |  1  2  3  4  5  6  7  8  9 10 11 |
---------------+----------------------------------+-----
Axes           | 3 4 5 6 7 9 11 13 14 | 14.6
Armour         | 1 2 3 5 6 7 8 |  8.9
Polearms       | 1 |  1.2
Fighting       | |  2.0
Throwing       | |  1.7
Dodging        | |  2.6
Invocations    | |  0.3

Action                   |  1- 3 |  4- 6 |  7- 9 | 10-12 || total
-------------------------+-------+-------+-------+-------++-------
Melee: War axe           |   114 |   115 |   536 |   543 ||  1308
       Punch             |       |       |     1 |       ||     1
       Trident           |       |       |       |    54 ||    54
 Fire: Blowgun           |       |       |       |    15 ||    15
Throw: Throwing net      |       |     3 |       |     2 ||     5
       Javelin           |       |       |       |     9 ||     9
Invok: Heroism           |       |       |     1 |       ||     1
Evoke: Wand              |       |       |       |     9 ||     9
  Use: Scroll            |       |    15 |     5 |     9 ||    29
       Potion            |       |     2 |     8 |     3 ||    13
 Stab: Held in net/web   |       |     1 |       |     1 ||     2
       Distracted        |       |       |     3 |     5 ||     8
  Eat: Chunk             |     1 |     6 |    16 |    12 ||    35
       Bread ration      |       |       |       |     1 ||     1
       Pizza             |       |       |       |     1 ||     1
       Meat ration       |       |       |       |     1 ||     1
Armor: Leather armour    |    55 |    19 |       |       ||    74
       Ring mail         |       |    30 |   218 |       ||   248
       Chain mail        |       |       |     3 |   378 ||   381
       Scale mail        |       |       |     2 |       ||     2
Dodge: Dodged            |    86 |    60 |   341 |   291 ||   778
